 Dungeon Crawl Stone Soup version 0.29-a0-700-g2f1814c7b2 (webtiles) character file.

Game seed: 2697791509738311168

835 lunkers the Martial Artist (level 8, -4/59 HPs)
             Began as a Meteoran Transmuter on June 25, 2022.
             Was a Follower of Nemelex Xobeh.
             Slain by a steam dragon (9 damage)
             ... on level 8 of the Dungeon.
             The game lasted 00:06:25 (2124 turns).

lunkers the Martial Artist (Meteoran Transmuter)    Turns: 2124, Time: 00:06:25

Health: -4/59      AC:  2    Str: 12    XL:     8   Next: 42%
Magic:  9/13       EV: 24    Int: 15    God:    Nemelex Xobeh [*.....]
Gold:   219        SH:  0    Dex: 21    Spells: 6/12 levels left

rFire   . . .      SeeInvis .     - Unarmed
rCold   . . .      Faith    .   (shield currently unavailable)
rNeg    + . .      Spirit   .   (body armour currently unavailable)
rPois   x          Reflect  .   (helmet currently unavailable)
rElec   .          Harm     .   (cloak currently unavailable)
rCorr   .          Rampage  .   (gloves currently unavailable)
Will    +....                   (boots currently unavailable)
Stlth   +.........              (no amulet)
HPRegen 0.19/turn               w - ring of positive energy
MPRegen 0.13/turn               t - +4 ring of evasion

@: spider-form, wereblooded, glowing
A: venomous fangs, tiny, sense surroundings 1, otherworldly, glowing, explore
regen
a: End Transformation, Renounce Religion, Draw Escape, Draw Destruction, Draw
Summoning


You were on level 8 of the Dungeon.
You worshipped Nemelex Xobeh.
Nemelex Xobeh was aware of your devotion.
You were a venomous arachnid creature.
You visited 1 branch of the dungeon, and saw 8 of its levels.

You collected 219 gold pieces.

Inventory:

Hand Weapons
 y - the +9 war axe of the Bellicose God {holy, Str+6}
   (You found it on level 7 of the Dungeon)

   It has been blessed by the Shining One to cause great damage to the undead
   and demons.
   Str:       It affects your strength (+6).
Missiles
 f - a throwing net
Armour
 a - a +0 robe (melded)
 d - a +0 helmet (melded)
 u - a +2 pair of gloves (melded)
Jewellery
 e - a ring of resist corrosion
 t - a +4 ring of evasion (right front leg)
 w - a ring of positive energy (left front leg)
Scrolls
 c - 2 scrolls of poison {unknown}
 h - a scroll of fear {unknown}
 k - a scroll of enchant weapon {unknown}
 n - a scroll of fog {unknown}
 p - 2 scrolls of magic mapping {unknown}
 q - a scroll of teleportation {unknown}
 x - a scroll of immolation {unknown}
Potions
 b - 2 potions of lignification
 g - a potion of heal wounds
 i - a potion of magic
 j - 2 potions of curing
 l - 2 potions of degeneration {unknown}
 m - a potion of mutation {unknown}
 o - a potion of ambrosia {unknown}
 r - a potion of brilliance {unknown}
 s - a potion of attraction {unknown}
 v - a potion of might {unknown}


   Skills:
 + Level 1.5 Fighting
 + Level 2.7 Dodging
 * Level 9.0 Unarmed Combat
 - Level 2.6 Spellcasting
 + Level 6.2 Transmutations
 + Level 1.2 Invocations


You had 6 spell levels left.
You knew the following spells:

 Your Spells              Type           Power      Damage    Failure   Level
b - Wereblood             Tmut           20%        N/A       9%          2
c - Spider Form           Tmut/Pois      11%        N/A       36%         3
p - Beastly Appendage     Tmut           40%        N/A       7%          1

Your spell library contained the following spells:

 Spells                   Type           Power      Damage    Failure   Level
 Poisonous Vapours        Pois/Air       4%         N/A       52%         2
 Sublimation of Blood     Necr           2%         N/A       52%         2
 Ice Form                 Ice/Tmut       11%        N/A       71%         4
 Frozen Ramparts          Ice            4%         1d2       73%         3
 Corpse Rot               Necr/Pois/Air  2%         N/A       97%         4
 Summon Ice Beast         Ice/Summ       2%         N/A       97%         4
 Summon Hydra             Summ           1%         N/A       100%        7


Dungeon Overview and Level Annotations

Branches:
Dungeon (8/15) Zot: 2699   Temple (0/1) D:7
   Lair: D:8-11

Altars:
Cheibriados
Nemelex Xobeh

Shops:
D:5 *


Innate Abilities, Weirdness & Mutations

You are a venomous arachnid creature.
You have poisonous fangs.
You are tiny and dextrous.
Your spellcasting is less reliable in this form.
Your armour is entirely melded.
You are incapable of wielding weapons or throwing items.
You passively map a small area around you.
You are easily found by Zot.
You glow in the dark.
You regain HP and MP as you explore.


Message History

Confirm with . or Enter, or press ? or * to list all spells.
You turn into a venomous arachnid creature.
Your +0 helmet melds into your body.
Your +2 pair of gloves melds into your body.
Your +0 robe melds into your body.
You hiss as the wereblood boils in your veins!
The steam dragon breathes steam at you.
The ball of steam hits the orc!
The orc dies!
The ball of steam hits the orc!!
The orc dies!
The ball of steam hits you!!
You hear a shout!
Casting: Spider Form (dangerous; 36% risk of failure)
Confirm with . or Enter, or press ? or * to list all spells.
Your blood is freshly infused with primal strength!
You are engulfed in a cloud of scalding steam.
The orc wizard is engulfed in a cloud of scalding steam.
The orc wizard is engulfed in a cloud of scalding steam.
An orc comes into view. It is wielding a +0 dagger.
The steam dragon breathes steam at you. The ball of steam hits you!!
* * * LOW HITPOINT WARNING * * *
You hear a shout!
You hit the steam dragon.
The steam dragon is poisoned.
The steam dragon is moderately wounded.
You are engulfed in a cloud of scalding steam.
* * * LOW HITPOINT WARNING * * *
The orc wizard gestures wildly while chanting.
The orc wizard flickers and vanishes!
Deactivating autopickup; reactivate with Ctrl-A.
The steam dragon completely misses you. The steam dragon barely misses you.
You hit the steam dragon but do no damage.
The steam dragon looks as sick as possible!
The steam dragon is moderately wounded.
You are engulfed in a cloud of scalding steam.
* * * LOW HITPOINT WARNING * * *
The steam dragon bites you!
You die...
Your body disappears without additional glow.

#.........##.#
#........##..#
#......#....#
#...<......#
#.....##...#
#.#####....## #
* #....§§##
#....##§§# *
#...####s##
...#######D##
..# #....#{.#
.# ........)##
* ,.......o..#
*
,...........#*
............#
..............*
...............


You could see a steam dragon (extremely poisoned, catching breath) and an orc.

Vanquished Creatures
  An orc warrior (D:6)
  An ogre (D:6)
  A phantom (D:4)
  2 bullfrogs
  A gnoll sergeant (D:6)
  A scorpion (D:6)
  A hound (D:7)
  An orc priest (D:4)
  3 jellies
  An iguana (D:7)
  5 adders
  4 gnolls (D:6)
  A worm (D:5)
  A dart slug (D:3)
  14 orcs
  2 endoplasms
  2 giant cockroaches
  3 goblins
  A hobgoblin (D:4)
  A quokka (D:1)
  3 ball pythons
  2 bats
  A frilled lizard (D:3)
  6 kobolds
  3 rats
62 creatures vanquished.

Vanquished Creatures (others)
  2 orcs (D:8)
  4 fungi (D:5)
6 creatures vanquished.

Grand Total: 68 creatures vanquished

Notes
Turn   | Place    | Note
-------+----------+-------------------------------------------
     0 | D:1      | lunkers the Meteoran Transmuter began the quest for the
                  | Orb.
     0 | D:1      | Reached XP level 1. HP: 16/16 MP: 5/5
    26 | D:1      | Reached XP level 2. HP: 20/23 MP: 6/6
    29 | D:1      | Learned a level 2 spell: Wereblood
    70 | D:1      | Reached skill level 4 in Unarmed Combat
   346 | D:3      | Reached XP level 3. HP: 28/28 MP: 4/8
   350 | D:3      | Learned a level 3 spell: Spider Form
   363 | D:3      | Found a faded altar of an unknown god.
   480 | D:3      | Found a sparkling altar of Nemelex Xobeh.
   499 | D:3      | Became a worshipper of Nemelex Xobeh the Trickster
   566 | D:4      | Noticed a phantom
   578 | D:4      | Killed a phantom
   579 | D:4      | Reached skill level 5 in Unarmed Combat
   579 | D:4      | Reached XP level 4. HP: 25/35 MP: 9/9
   579 | D:4      | Reached XP level 5. HP: 29/40 MP: 10/10
   606 | D:4      | Reached skill level 6 in Unarmed Combat
   799 | D:4      | Reached XP level 6. HP: 47/47 MP: 5/11
   853 | D:5      | Entered Level 5 of the Dungeon
   918 | D:5      | Found Petriodgh's Assorted Antiques.
  1235 | D:6      | Reached * piety under Nemelex Xobeh
  1281 | D:6      | Noticed an orc warrior
  1301 | D:6      | Killed an orc warrior
  1302 | D:6      | Reached skill level 7 in Unarmed Combat
  1302 | D:6      | Reached XP level 7. HP: 7/52 MP: 7/12
  1392 | D:6      | Reached skill level 5 in Transmutations
  1508 | D:6      | Reached skill level 8 in Unarmed Combat
  1518 | D:6      | Found a snail-covered altar of Cheibriados.
  1631 | D:6      | Reached XP level 8. HP: 59/59 MP: 8/13
  1820 | D:7      | Identified the +9 war axe of the Bellicose God {holy,
                  | Str+6}
  1841 | D:7      | Found a staircase to the Ecumenical Temple.
  1859 | D:7      | Received a gift from Nemelex Xobeh
  2013 | D:7      | Reached skill level 9 in Unarmed Combat
  2013 | D:7      | Reached skill level 1 in Invocations
  2098 | D:8      | Noticed a steam dragon
  2124 | D:8      | Slain by a steam dragon

Illustrated notes

Levels and vault maps discovered:
D:1:      lightli_arrival_statuegarden, layout_loops_ring, minmay_quantized
D:2:      layout_loops_cross
D:3:      layout_rooms, nemelex_diamond_rough_becter,
          chequers_ecumenical_altar_simple, nrook_mini_backslash
D:4:      layout_basic
D:5:      layout_basic, nicolae_overflow_squiral, serial_shops, shop,
          dreamdust_gnoll_farm
D:6:      layout_loops_ring, mainiacjoe_overflow_tiny_flanked
D:7:      layout_loops_corners, minmay_temple_entry_mini_moons,
          kennysheep_generic_room_12
D:8:      hangedman_cross_veins, layout_cave_pods, serial_shops, shop,
          eino_jars, uniq_maurice

Skill      XL: |  1  2  3  4  5  6  7  8 |
---------------+-------------------------+-----
Unarmed Combat | 4 5 6 7 8 9 |  9.0
Transmutations | 3 4 5 6 |  6.2
Invocations    | 1 |  1.2
Fighting       | |  1.5
Dodging        | |  2.7
Spellcasting   | |  2.6

Action                   |  1- 3 |  4- 6 |  7- 9 || total
-------------------------+-------+-------+-------++-------
Melee: Unarmed           |    56 |    57 |    68 ||   181
       Kick              |    11 |     1 |       ||    12
       Headbutt          |     8 |     2 |       ||    10
       Punch             |       |       |     1 ||     1
 Cast: Beastly Appendage |    17 |     1 |       ||    18
       Wereblood         |    14 |     4 |    10 ||    28
       Spider Form       |     1 |     6 |    11 ||    18
  Use: Scroll            |       |       |     3 ||     3
Armor: Robe              |    10 |     5 |     3 ||    18
       Skin              |     1 |     2 |     1 ||     4
Dodge: Dodged            |    34 |    41 |    52 ||   127

Table legend: (Time is in decaauts)
 A = Elapsed time spent in this place.
 B = Non-inter-level travel time spent in this place.
 C = Inter-level travel time spent in this place.
 D = Time resting spent in this place.
 E = Time spent auto-exploring this place.
 F = Levels seen in this place.
 G = Mean time per level.
                   A        B        C        D        E       F      G
               +--------+--------+--------+--------+--------+-----+--------+
         Total |   2099 |   1950 |    149 |      0 |   1249 |   8 |  262.4 |
       Dungeon |   2099 |   1950 |    149 |      0 |   1249 |   8 |  262.4 |
               +--------+--------+--------+--------+--------+-----+--------+

Top non-repeatable levels by time:
     D:6: 493 daAuts
     D:7: 394 daAuts
     D:5: 324 daAuts
     D:4: 313 daAuts
     D:1: 198 daAuts
     D:3: 194 daAuts
     D:2: 138 daAuts
     D:8: 42 daAuts
